 Dungeon Crawl Stone Soup version 0.20.0-15-g7f486f2 (webtiles) character file.

231 Chiseanne the Magician (level 5, -3/35 HPs)
             Began as a Demonspawn Wizard on June 15, 2017.
             Killed by nerve-wracking pain
             ... invoked by an orc priest
              (5 damage)
             ... on level 3 of the Dungeon.
             The game lasted 00:10:02 (4819 turns).

Chiseanne the Magician (Demonspawn Wizard)          Turns: 4819, Time: 00:10:02

Health: -3/35      AC: 10    Str:  6 (8)  XL:     5   Next: 73%
Magic:  0/12       EV: 12    Int: 19 (20) God:
Gold:   173        SH:  0    Dex:  8 (11) Spells: 4/13 levels left

rFire    . . .     SeeInvis .   f - +0 short sword
rCold    . . .     Gourm    .   (no shield)
rNeg     . . .     Faith    .   o - +2 robe {Archmagi}
rPois    .         Spirit   .   b - +1 hat
rElec    .         Reflect  .   (no cloak)
rCorr    .         Harm     .   a - +0 pair of gloves
MR       .....                  n - +1 pair of boots
Stlth    ++........             (no amulet)
Regen    0.2/turn               (no ring)
MPRegen  0.2/turn               (no ring)

@: flying
A: iridescent scales 1
a: no special abilities


You were on level 3 of the Dungeon.
You were hungry.

You visited 1 branch of the dungeon, and saw 3 of its levels.

You collected 173 gold pieces.

Inventory:

Hand Weapons
 f - a +0 short sword (weapon)
Missiles
 e - 152 stones (quivered)
 r - 5 tomahawks
Armour
 a - a +0 pair of gloves (worn)
 b - a +1 hat (worn)
 n - a +1 pair of boots (worn)
 o - a +2 robe of the Archmagi (worn)
Comestibles
 d - 3 bread rations
 i - a meat ration
 m - a royal jelly


   Skills:
 - Level 1.7 Dodging
 - Level 1.7 Stealth
 * Level 4.8 Spellcasting
 * Level 4.0 Conjurations
   Level 1.0 Summonings
 - Level 0.8 Translocations


You had 4 spell levels left.
You knew the following spells:

 Your Spells              Type           Power        Failure   Level  Hunger
a - Magic Dart            Conj           ####         2%          1    None
b - Blink                 Tloc           N/A          14%         2    #......
c - Conjure Flame         Conj/Fire      ###.....     17%         3    ##.....
d - Mephitic Cloud        Conj/Pois/Air  ##......     22%         3    ##.....


Dungeon Overview and Level Annotations

Branches:
Dungeon (3/15)

Altars:
Dithmenos


Innate Abilities, Weirdness & Mutations

You are partially covered in iridescent scales. (AC +2)


Message History

Confirm with . or Enter, or press ? or * to list all spells.
Aiming: Magic Dart
Press: ? - help, Shift-Dir - straight line, f/p - orc priest
Aim: an orc priest, wielding a hand axe and wearing a chain mail (heavily wounded)
You feel a surge of power!
The magic dart hits the orc priest.
The orc priest is severely wounded.
The orc priest hits you but does no damage.
You hit the orc priest.
The orc priest is severely wounded.
The orc priest invokes the aid of Beogh against you.
Pain shoots through your body!
* * * LOW HITPOINT WARNING * * *
You hit the orc priest.
The orc priest is almost dead.
The orc priest hits you but does no damage.
You closely miss the orc priest.
The orc priest is almost dead.
The orc priest calls down the wrath of Beogh upon you.
Pain shoots through your body!
You die...

########### #.# #.# #.#
###### ### #.# #.....
##.#########.# #.###.
##.........##.### #.# #.
##.....####.##.#.#####[###.
#.......###.#.....)......#.
#>.......o@.)....#####.#.#.
#.......###.#...## #.#.#.
#...)...# #.##.## #.#.#.
#.......###.##.# #.....
#...........##.# #####o
#.......######'## #o
###(####### ##...## #.
#.....## ##.....## ###o
#.#....## #.......# ##.#.


You could see an orc priest.

Vanquished Creatures
  An orc priest (D:3)
  Jessica (D:3)
  An orc wizard (D:3)
  4 gnolls (D:3)
  3 adders
  4 dart slugs
  A worm (D:3)
  A leopard gecko (D:1)
  12 orcs (D:3)
  3 bats
  2 giant cockroaches
  9 goblins
  8 hobgoblins
  6 jackals
  A ball python (D:3)
  3 frilled lizards
  6 kobolds
  6 rats
72 creatures vanquished.

Notes
Turn   | Place    | Note
-------+----------+-------------------------------------------
     0 | D:1      | Chiseanne the Demonspawn Wizard began the quest for the Orb.
     0 | D:1      | Reached XP level 1. HP: 13/13 MP: 4/4
   365 | D:1      | Gained mutation: You are partially covered in iridescent scales. (AC +2) [demonic ancestry]
   365 | D:1      | Reached XP level 2. HP: 19/19 MP: 1/6
  1463 | D:2      | Learned a level 2 spell: Blink
  1544 | D:2      | Reached XP level 3. HP: 24/24 MP: 2/8
  1649 | D:2      | Found a shadowy altar of Dithmenos.
  2449 | D:3      | Reached XP level 4. HP: 24/30 MP: 0/9
  2956 | D:3      | Learned a level 3 spell: Mephitic Cloud
  2960 | D:3      | Learned a level 3 spell: Conjure Flame
  3321 | D:3      | Noticed Jessica
  3331 | D:3      | Killed Jessica
  3331 | D:3      | Reached XP level 5. HP: 35/35 MP: 2/11
  4819 | D:3      | Killed from afar by an orc priest

Skill      XL: |  1  2  3  4  5 |
---------------+----------------+-----
Conjurations   | 2 3 4 |  4.0
Spellcasting   | 4 |  4.8
Dodging        | |  1.7
Stealth        | |  1.7
Summonings     | |  1.0
Translocations | |  0.8

Action                   |  1- 3 |  4- 6 || total
-------------------------+-------+-------++-------
Melee: Short sword       |    31 |    86 ||   117
 Cast: Magic Dart        |    94 |   107 ||   201
       Blink             |     1 |     5 ||     6
       Mephitic Cloud    |       |     8 ||     8
       Conjure Flame     |       |     1 ||     1
  Use: Scroll            |     6 |     1 ||     7
       Potion            |     1 |     7 ||     8
 Stab: Confused          |       |     1 ||     1
  Eat: Chunk             |     4 |     8 ||    12
Armor: Robe              |    17 |    26 ||    43
Dodge: Dodged            |    31 |    67 ||    98
